 Dungeon Crawl Stone Soup version 0.20-a0-738-gb057e68 (webtiles) character file.

2571 Gorglomux the Fighter (level 9, 0/127 HPs)
             Began as a Hill Orc Abyssal Knight on Feb 23, 2017.
             Was a Priest of Lugonu.
             Slain by a wight
             ... wielding a cursed +4 battleaxe of freezing
              (4 damage)
             ... on level 7 of the Dungeon.
             The game lasted 00:13:14 (7181 turns).

Gorglomux the Fighter (Hill Orc Abyssal Knight)     Turns: 7181, Time: 00:13:15

Health: 0/127      AC:  8    Str: 23    XL:     9   Next: 57%
Magic:  8/13       EV: 10    Int: 14    God:    Lugonu [***...]
Gold:   351        SH:  0    Dex: 10    Spells: 8/8 levels left

rFire    . . .     SeeInvis .   a - +1 hand axe
rCold    . . .     Gourm    .   j - +0 ring mail
rNeg     . . .     Faith    .   (no shield)
rPois    .         Spirit   .   (no helmet)
rElec    .         Reflect  .   P - +1 cloak
rCorr    .         Harm     .   (no gloves)
MR       +....     Rnd*Rage +   (no boots)
Stlth    ..........             s - amulet of rage
Regen    0.4/turn               l - ring of flight
MPRegen  0.2/turn               m - ring of protection from magic

@: mighty, berserking (expiring), lethally poisoned (0 -> -1), very slightly
contaminated, drained, very quick
A: berserk 1, clever 1, no potion heal 1
a: Depart the Abyss, Bend Space, Banish, Renounce Religion, Evoke Berserk Rage,
Evoke Flight


You were on level 7 of the Dungeon.
You worshipped Lugonu.
Lugonu was most pleased with you.
You were not hungry.

You visited 1 branch of the dungeon, and saw 7 of its levels.
You visited the Abyss 1 time.
You also visited: Ossuary.

You collected 351 gold pieces.

Inventory:

Hand Weapons
 a - a +1 hand axe (weapon)
 U - a +3 hand axe
Missiles
 X - 6 javelins (quivered)
Armour
 j - a +0 ring mail (worn)
 P - a +1 cloak (worn)
 S - a scarf of repulsion
Jewellery
 g - an uncursed ring of resist corrosion
 l - a ring of flight (right hand)
 m - a ring of protection from magic (left hand)
 r - an uncursed amulet of regeneration
 s - an amulet of rage (around neck)
Scrolls
 d - a scroll of recharging
 t - 3 scrolls of remove curse
 z - a scroll of fear
 B - 2 scrolls of blinking
 D - 3 scrolls of fog
 M - a scroll of magic mapping
 N - a scroll of amnesia
 R - 3 scrolls of identify
 T - 3 scrolls of teleportation
 W - 2 scrolls of immolation {unknown}
 Y - a scroll of noise {unknown}
Potions
 w - 2 potions of resistance
 A - 6 potions of flight
 C - 2 potions of heal wounds
 K - a potion of brilliance {unknown}
 L - a potion of degeneration {unknown}
 O - a potion of lignification {unknown}
 Q - a potion of invisibility {unknown}
 V - a potion of haste
Books
 J - a book of Cantrips

   Spells                             Type                      Level
   a - Confusing Touch                Hexes                        1
   b - Animate Skeleton               Necromancy                   1
   c - Summon Small Mammal            Summoning                    1
   d - Apportation                    Translocation                1
Comestibles
 c - 3 bread rations
 f - 2 meat rations
 p - a royal jelly
 u - 13 fruits


   Skills:
 - Level 10.0(9.5) Fighting
 - Level 9.1(8.6) Axes
 + Level 4.8(4.3) Armour
 - Level 0.7(0.3) Dodging
 + Level 6.4(5.9) Invocations
 - Level 4.2(3.7) Evocations


You had 8 spell levels left.
You didn't know any spells.

Dungeon Overview and Level Annotations

Branches:
Dungeon (7/15)             Temple (0/1) D:5

Altars:
Gozag


Innate Abilities, Weirdness & Mutations

You tend to lose your temper in combat.
Your mind is acute. (Int +2)
Potions are less effective at restoring your health.


Message History

An iguana comes into view.
Unknown command.
You slash the wight!
The wight is heavily damaged.
You slash the worker ant!
You kill the worker ant!
Lugonu accepts your kill. The wight hits you but does no damage.
You closely miss the wight.
The wight is heavily damaged.
You hit the orc.
You feel sick.
You barely miss the wight.
The wight is heavily damaged.
You slash the orc!
You kill the orc!
Lugonu accepts your kill.
The wight hits you with a battleaxe of freezing!
* * * LOW HITPOINT WARNING * * *
You feel drained.
You die...

....## ###. #...........#
<[...# #.##...........#
..h#.# ..#l..........#
#..#.# #.#...........#
#....#########........a....#
#)#h.......................#
...>.................h######
.........#######o##...#
.........# #@#..###
.........# #z#..# .........#
#o#..# .........# #...##
.........# ##..#
.........########.##
..................#
###################


You could see an iguana, a wight and 2 orc wizards.

Vanquished Creatures
  Duvessa (D:4)
  A water moccasin (D:4)
  4 ogres
  2 sky beasts
  A phantom (D:6)
  2 centaurs
  A bullfrog (D:6)
  Dowan (D:4)
  4 water moccasin zombies (Ossuary)
  3 killer bees (D:7)
  4 howler monkeys
  A centaur zombie (D:5)
  2 orc priests (D:4)
  3 hounds
  2 orc wizards
  A centaur skeleton (D:7)
  5 iguanas
  5 worker ants
  A big kobold zombie (Ossuary)
  A hound zombie (D:7)
  2 mummies (Ossuary)
  8 adders
  An ooze (D:1)
  11 adder zombies
  2 adder skeletons (D:7)
  A worm (D:5)
  2 dart slugs
  5 leopard geckos
  31 orcs
  2 ball pythons (D:3)
  5 bats
  4 giant cockroaches
  3 gnoll zombies (Ossuary)
  5 goblins
  8 hobgoblins
  11 jackals
  9 kobolds
  2 quokkas
  A frilled lizard (D:1)
  A hobgoblin zombie (Ossuary)
  3 kobold zombies (Ossuary)
  4 orc zombies (Ossuary)
  3 rats
169 creatures vanquished.

Vanquished Creatures (others)
  A hippogriff (D:7)
  A centaur (D:7)
  A killer bee (D:7)
  2 starspawn tentacles (Abyss:1)
5 creatures vanquished.

Grand Total: 174 creatures vanquished

Notes
Turn   | Place    | Note
-------+----------+-------------------------------------------
     0 | Abyss:1  | Gorglomux the Hill Orc Abyssal Knight began the quest for the Orb.
     0 | Abyss:1  | Reached XP level 1. HP: 19/19 MP: 2/2
    36 | Abyss:1  | Found a corrupted altar of Lugonu.
   142 | Abyss:1  | Noticed a large abomination
   154 | Abyss:1  | Noticed a tentacled starspawn
   160 | D:1      | Escaped the Abyss
   249 | D:1      | Reached skill level 3 in Axes
   249 | D:1      | Reached skill level 3 in Invocations
   249 | D:1      | Reached XP level 2. HP: 24/26 MP: 2/4
   624 | D:1      | Reached * piety under Lugonu
   717 | D:1      | Reached XP level 3. HP: 33/33 MP: 5/5
   717 | D:1      | Reached skill level 4 in Fighting
  1549 | D:2      | Reached XP level 4. HP: 40/40 MP: 6/6
  2222 | D:3      | Reached skill level 5 in Fighting
  2222 | D:3      | Reached XP level 5. HP: 26/48 MP: 7/7
  2424 | D:3      | Found an opulent altar of Gozag.
  2605 | D:4      | Noticed an ogre
  2617 | D:4      | Killed an ogre
  2617 | D:4      | Reached skill level 6 in Axes
  2617 | D:4      | Reached XP level 6. HP: 39/57 MP: 8/8
  2728 | D:4      | Noticed a water moccasin
  2739 | D:4      | Killed a water moccasin
  2739 | D:4      | Reached skill level 6 in Fighting
  2888 | D:4      | Reached ** piety under Lugonu
  3115 | D:4      | Reached XP level 7. HP: 34/64 MP: 9/9
  3149 | D:4      | Found a sand-covered staircase.
  3204 | Ossuary  | Entered an ossuary
  3305 | Ossuary  | Reached skill level 7 in Fighting
  3888 | D:4      | Noticed Duvessa
  3888 | D:4      | Noticed Dowan
  3904 | D:4      | Killed Duvessa
  3904 | D:4      | Reached skill level 8 in Fighting
  3904 | D:4      | Reached XP level 8. HP: 74/74 MP: 10/10
  3909 | D:4      | Killed Dowan
  4444 | D:5      | Entered Level 5 of the Dungeon
  4553 | D:5      | Found a staircase to the Ecumenical Temple.
  4674 | D:5      | Reached *** piety under Lugonu
  4722 | D:5      | Reached skill level 9 in Axes
  4794 | D:5      | Reached skill level 1 in Evocations
  4798 | D:5      | Reached skill level 9 in Fighting
  5102 | D:5      | Reached skill level 3 in Evocations
  5291 | D:5      | Gained mutation: You tend to lose your temper in combat. [potion of mutation]
  5291 | D:5      | Gained mutation: Potions are less effective at restoring your health. [potion of mutation]
  5291 | D:5      | Gained mutation: Your mind is acute. (Int +2) [potion of mutation]
  5739 | D:6      | Reached skill level 10 in Fighting
  5739 | D:6      | Reached XP level 9. HP: 84/85 MP: 10/12
  6223 | D:7      | Reached skill level 3 in Armour
  6545 | D:7      | HP: 3/85 [killer bee (8)]
  6546 | D:7      | HP: 1/85 [poisoned by a killer bee]
  7112 | D:7      | Reached skill level 6 in Invocations
  7181 | D:7      | HP: 4/127 [wight/battleaxe of freezing (17)]
  7181 | D:7      | Slain by a wight

Vault maps used:
D:1:      elethiomel_arrival_shortcut
D:2:      nicolae_overflow_hidden_temple
D:3:      grunt_gozag_breadcrumbs
D:4:      enter_ossuary_2, first_bread, uniq_duvessa
D:5:      temple_statues
D:7:      hangedman_cross_stitches, gammafunk_temple_overflow_statue
Ossuary:  ossuary_tomb_2

Skill      XL: |  1  2  3  4  5  6  7  8  9 |
---------------+----------------------------+-----
Axes           | 3 4 5 6 7 8 9 |  9.1
Invocations    | 3 6 |  6.4
Fighting       | 4 5 6 8 10 | 10.0
Evocations     | 4 |  4.2
Armour         | 4 |  4.8
Dodging        | |  0.7

Action                   |  1- 3 |  4- 6 |  7- 9 || total
-------------------------+-------+-------+-------++-------
Melee: Hand axe          |    80 |   125 |   490 ||   695
Throw: Javelin           |       |     1 |       ||     1
Invok: Depart the Abyss  |     1 |       |       ||     1
       Banish            |       |       |     4 ||     4
       Bend Space        |       |       |     1 ||     1
 Abil: Evoke Berserk Rag |     2 |     5 |     7 ||    14
  Use: Scroll            |       |     2 |    17 ||    19
       Potion            |       |       |    10 ||    10
  Eat: Chunk             |     3 |     8 |    15 ||    26
       Royal jelly       |       |     1 |     3 ||     4
Armor: Leather armour    |     7 |       |       ||     7
       Ring mail         |    34 |    43 |   157 ||   234
Dodge: Dodged            |    45 |    71 |   232 ||   348
